 Dungeon Crawl Stone Soup version 0.23.2-11-gf996548c65 (webtiles) character file.

Game seed: 11940918000052332437

317 Kobolds4U the Carver (level 6, -4/51 HPs)
             Began as a Minotaur Fighter on June 5, 2019.
             Killed by nerve-wracking pain
             ... invoked by Grinder
              (11 damage)
             ... on level 3 of the Dungeon.
             The game lasted 00:04:08 (2000 turns).

Kobolds4U the Carver (Minotaur Fighter)             Turns: 2000, Time: 00:04:09

Health: -4/51      AC: 10    Str: 20    XL:     6   Next: 20%
Magic:  5/5        EV:  5    Int:  5    God:
Gold:   108        SH:  9    Dex: 12    Spells: 5/5 levels left

rFire    . . .     SeeInvis .   a - +0 long sword
rCold    . . .     Gourm    .   c - +0 shield
rNeg     . . .     Faith    .   s - +0 chain mail
rPois    .         Spirit   .   (helmet restricted)
rElec    .         Reflect  .   k - +0 cloak
rCorr    .         Harm     .   (no gloves)
MR       .....                  (no boots)
Stlth    ..........             (no amulet)
HPRegen  0.17/turn              (no ring)
MPRegen  0.09/turn              (no ring)

@: no status effects
A: retaliatory headbutt, horns 2
a: no special abilities


You were on level 3 of the Dungeon.
You were not hungry.

You visited 1 branch of the dungeon, and saw 3 of its levels.

You collected 108 gold pieces.

Inventory:

Hand Weapons
 a - a +0 long sword (weapon)
Missiles
 h - 12 tomahawks (quivered)
Armour
 c - a +0 shield (worn)
 k - a +0 cloak (worn)
 s - a +0 chain mail (worn)
Wands
 u - a wand of flame (17)
 y - a wand of iceblast (5)
Scrolls
 b - a scroll of enchant armour {unknown}
 e - 3 scrolls of remove curse {unknown}
 i - a scroll of teleportation {unknown}
 l - 2 scrolls of enchant weapon {unknown}
 m - 2 scrolls of identify {unknown}
 n - a scroll of immolation {unknown}
 o - a scroll of fear {unknown}
 t - a scroll of amnesia {unknown}
 x - 2 scrolls of magic mapping {unknown}
 z - a scroll of random uselessness {unknown}
Potions
 d - 3 potions of might
 j - 2 potions of flight {unknown}
 p - a potion of mutation {unknown}
 q - 2 potions of agility
 r - 2 potions of resistance {unknown}
 v - a potion of heal wounds {unknown}
 w - a potion of curing {unknown}
Comestibles
 f - 6 rations
 g - 2 chunks of flesh


   Skills:
 - Level 3.6 Fighting
 + Level 8.0 Long Blades
 - Level 3.6 Armour
 - Level 3.6 Shields


You had 5 spell levels left.
You didn't know any spells.
Your spell library was empty.

Dungeon Overview and Level Annotations

Branches:
Dungeon (3/15)

Altars:
Gozag
Ru

Annotations:
D:3 Grinder


Innate Abilities, Weirdness & Mutations

You reflexively headbutt those who attack you in melee.
You have a pair of horns on your head.


Message History

You are too injured to fight recklessly!
You are too injured to fight recklessly!
You are too injured to fight recklessly!
You are too injured to fight recklessly!
Your shield and chain mail prevent you from hitting Grinder.
Grinder is heavily wounded.
Grinder gestures at you. Pain shoots through your body!
* * * LOW HITPOINT WARNING * * *
Your shield and chain mail prevent you from hitting Grinder.
Your headbutt misses Grinder.
Grinder is heavily wounded.
Grinder hits you but does no damage.
Grinder blinks!
Found a club.
There is an open door here.
There's nothing to close nearby.
Grinder gestures at you. Pain shoots through your body!
You die...

).......... ....
......... ....# #....!...
..... #.....+## ######
......+.....+.# #....#
......#.....#.#####....#
......#.....#....##....#
..........5##....##....##
............'@...'...>..#
....#.#.#####....####+#.#
### #.#.# #....####+#'###
###.# ##....##.......# ##
...###.# #.##..##.......#
.# #.......#
#.###.##.......# .+
.........
#.###..###.....# .#
#...##### #....#.#
#.#+#.#### .###.......
#.##.#.###.#......#


You could see Grinder.

Vanquished Creatures
  Sigmund (D:2)
  Ijyb (D:3)
  Robin (D:2)
  A gnoll (D:1)
  An adder (D:2)
  2 oozes (D:1)
  A worm (D:2)
  A dart slug (D:1)
  A leopard gecko (D:2)
  2 orcs (D:3)
  6 giant cockroaches
  8 hobgoblins
  3 jackals (D:1)
  2 ball pythons (D:1)
  11 bats
  3 frilled lizards
  21 goblins
  8 kobolds
  11 rats
85 creatures vanquished.

Notes
Turn   | Place    | Note
-------+----------+-------------------------------------------
     0 | D:1      | Kobolds4U the Minotaur Fighter began the quest for the Orb.
     0 | D:1      | Reached XP level 1. HP: 19/19 MP: 0/0
    38 | D:1      | Reached skill level 3 in Long Blades
    59 | D:1      | Reached XP level 2. HP: 22/26 MP: 1/1
   130 | D:1      | Reached skill level 4 in Long Blades
   136 | D:1      | Reached XP level 3. HP: 29/31 MP: 2/2
   513 | D:1      | Reached skill level 5 in Long Blades
   737 | D:2      | Reached XP level 4. HP: 35/39 MP: 3/3
   948 | D:2      | Noticed Sigmund
   956 | D:2      | Killed Sigmund
   956 | D:2      | Reached skill level 7 in Long Blades
   956 | D:2      | Reached XP level 5. HP: 25/45 MP: 4/4
  1165 | D:2      | Noticed Robin
  1193 | D:2      | Killed Robin
  1193 | D:2      | Reached XP level 6. HP: 19/51 MP: 5/5
  1433 | D:2      | Found a faded altar of an unknown god.
  1515 | D:2      | Found an opulent altar of Gozag.
  1837 | D:3      | Noticed Ijyb
  1873 | D:3      | Killed Ijyb
  1873 | D:3      | Reached skill level 8 in Long Blades
  1890 | D:3      | Found a sacrificial altar of Ru.
  1964 | D:3      | Noticed Grinder
  2000 | D:3      | Killed from afar by Grinder

Skill      XL: |  1  2  3  4  5  6 |
---------------+-------------------+-----
Long Blades    | 3 4 5 7 8 |  8.0
Fighting       | |  3.6
Armour         | |  3.6
Shields        | |  3.6

Action                   |  1- 3 |  4- 6 || total
-------------------------+-------+-------++-------
Melee: Long sword        |   100 |   124 ||   224
       Headbutt          |    13 |    20 ||    33
  Eat: Chunk             |       |     4 ||     4
Armor: Scale mail        |    61 |     3 ||    64
       Chain mail        |       |    64 ||    64
Dodge: Dodged            |    35 |    24 ||    59
Block: Shield            |    66 |    75 ||   141
       Rpst.: Long sword |    11 |     7 ||    18
